 Dungeon Crawl Stone Soup version 0.30-a0-586-g23e55c9e0a (webtiles) character file.

Game seed: 3100506846449767893

21 wormed the Fighter (level 2, -1/49 HPs)
             Began as a Gnoll Wanderer on Jan 4, 2023.
             Succumbed to a kobold's poison
             ... on level 2 of the Dungeon.
             The game lasted 00:01:20 (1061 turns).

wormed the Fighter (Gnoll Wanderer)                 Turns: 1061, Time: 00:01:21

Health: -1/49      AC: 21    Str: 13    XL:     2   Next: 83%
Magic:  5/5        EV:  2    Int:  8    God:
Gold:   70         SH:  0    Dex: 12    Spells: 6/6 levels left

rFire   . . .      SeeInvis .    i - staff of conjuration
rCold   . . .      Faith    .    (no shield)
rNeg    . . .      Spirit   .    (body armour currently unavailable)
rPois   +          Reflect  .    (helmet currently unavailable)
rElec   .          Harm     .    (cloak currently unavailable)
rCorr   .          Rampage  .    (gloves currently unavailable)
Will    .....      NoTele   +    (boots currently unavailable)
Stlth   +++                      (no amulet)
HPRegen 0.28/turn                (no ring)
MPRegen 0.09/turn                (no ring)

@: lethally poisoned (-1 -> -8), tree-form
A: stationary, stasis, torment immunity, boosted hp, (fangs 1), strong nose,
distributed training
a: no special abilities


You were on level 2 of the Dungeon.
You were a tree.
You visited 1 branch of the dungeon, and saw 2 of its levels.

You collected 70 gold pieces.

Inventory:

Hand Weapons
 a - a +3 dagger
Armour
 e - a +0 leather armour (melded)
 f - a +2 pair of gloves (melded)
Magical Staves
 i - a staff of conjuration (weapon)
Scrolls
 c - 8 scrolls of identify {unknown}
 g - a scroll of enchant armour {unknown}
 h - 2 scrolls of enchant weapon {unknown}
 j - a scroll of fear {unknown}
 k - a scroll of noise {unknown}
Potions
 b - a potion of brilliance


   Skills:
 + Level 8.5 Fighting
 + Level 0.5 Short Blades
 + Level 0.5 Long Blades
 + Level 0.5 Axes
 + Level 2.5 Maces & Flails
 + Level 0.5 Polearms
 + Level 0.5 Staves
 + Level 0.5 Ranged Weapons
 + Level 0.5 Throwing
 + Level 0.5 Armour
 + Level 0.5 Dodging
 + Level 5.9 Stealth
 + Level 0.5 Shields
 + Level 0.5 Unarmed Combat
 + Level 2.7 Spellcasting
 + Level 0.4 Conjurations
 + Level 0.4 Hexes
 + Level 0.4 Summonings
 + Level 0.4 Necromancy
 + Level 0.4 Translocations
 + Level 0.4 Transmutations
 + Level 0.4 Fire Magic
 + Level 0.4 Ice Magic
 + Level 0.4 Air Magic
 + Level 0.4 Earth Magic
 + Level 0.4 Poison Magic
 + Level 0.7 Invocations
 + Level 2.5 Evocations


You had 6 spell levels left.
You didn't know any spells.
Your spell library contained the following spells:

 Spells                   Type           Power      Damage    Failure   Level
 Vhi's Electric Charge    Tloc/Air       2%         N/A       63%         3
 Arcjolt                  Conj/Air       1%         1d11      100%        5
 Maxwell's Capacitive Co  Air            0%         ∞         100%        8


Dungeon Overview and Level Annotations

Branches:
Dungeon (2/15)

Altars:
Okawaru


Innate Abilities, Weirdness & Mutations

You are a tree.
Your roots penetrate the ground, keeping you stationary.
You cannot be teleported.
You are immune to unholy pain and torment.
Your maximum health is greatly increased.
Your equipment is partially melded.
((You have very sharp teeth.))
Your uncanny sense of smell can sniff out nearby items.
Your experience applies equally to all skills.


Message History

You feel sick.
The kobold hits you with a +3 dagger of venom.
You are more poisoned.
You hit the kobold but do no damage.
The kobold is severely wounded.
You feel very sick. The kobold misses you.
The rat bites you but does no damage.
You closely miss the kobold.
The kobold is severely wounded.
You feel very sick. The kobold closely misses you. The rat closely misses you.
The kobold hits you but does no damage. The rat closely misses you.
You are too injured to fight recklessly!
You are too injured to fight recklessly!
You are too injured to fight recklessly!
There are monsters nearby!
The rat attacks as you move away! The rat barely misses you.
The kobold attacks as you move away!
The kobold hits you with a +3 dagger of venom.
You feel sick. The rat attacks as you move away! The rat barely misses you.
You feel sick.
The giant cockroach waves its antennae.
The kobold attacks as you move away!
The kobold hits you with a +3 dagger of venom.
* * * LOW HITPOINT WARNING * * *
You are lethally poisoned!
* * * LOW HITPOINT WARNING * * *
You feel very sick. The kobold attacks as you move away!
The kobold closely misses you.
* * * LOW HITPOINT WARNING * * *
You feel very sick.
You turn into a tree.
Your +2 pair of gloves melds into your body.
Your +0 leather armour melds into your body.
Your roots penetrate the ground.
* * * LOW HITPOINT WARNING * * *
You feel sick. The kobold hits you but does no damage.
You hit the kobold.
You kill the kobold!
You die...

...#..##..# #.###..##..##
##. #.......# ##...
#..#..#.#######
........†#..........# #
###...##.##.##.#####.# ###
.........##.##.# #####..
!........##.##.# .......
..........#♣##.###### ##.##.
......#.#r)....?...........#
#.....†.hB....>#######.#.#
#.?....#..####.# # ...
###.............. ##.#
#...##.....####.#.# ... ..#.
..#....# #.# .... # #.##...#
# ..... .. #..... ....


You could see a jackal, a giant cockroach and a rat.

Vanquished Creatures
  An endoplasm (D:2)
  A giant cockroach (D:1)
  2 hobgoblins
  2 quokkas (D:2)
  2 ball pythons (D:2)
  A bat (D:1)
  A frilled lizard (D:2)
  5 goblins
  4 kobolds
19 creatures vanquished.

Notes
Turn   | Place    | Note
-------+----------+-------------------------------------------
     0 | D:1      | wormed the Gnoll Wanderer began the quest for the Orb.
     0 | D:1      | wormed set off with the following items: a +3 dagger, a
                  | potion of brilliance, a +0 mace, a potion of lignification,
                  | a +0 leather armour.
     0 | D:1      | Reached XP level 1. HP: 26/26 MP: 4/4
   290 | D:1      | Reached XP level 2. HP: 33/33 MP: 5/5
   972 | D:2      | Found an iron altar of Okawaru.
  1060 | D:2      | HP: 1/49 [poisoned by a kobold]
  1061 | D:2      | Succumbed to a kobold's poison

Illustrated notes

Levels and vault maps discovered:
D:1:      doesnt_arrival_eight_statues, layout_loops_ring
D:2:      layout_loops_ring, basic_altar, minmay_pentomino_pile

Action                   || total
-------------------------++-------
Melee: Dagger            ||    16
       Staff             ||    48
       Bite              ||     4
       Punch             ||     2
  Use: Potion            ||     1
 Stab: Sleeping          ||     4
Armor: Leather armour    ||    24
       Skin              ||     1
Dodge: Dodged            ||    42

Table legend: (Time is in decaauts)
 A = Elapsed time spent in this place.
 B = Non-inter-level travel time spent in this place.
 C = Inter-level travel time spent in this place.
 D = Time resting spent in this place.
 E = Time spent auto-exploring this place.
 F = Levels seen in this place.
 G = Mean time per level.
                   A        B        C        D        E       F      G
               +--------+--------+--------+--------+--------+-----+--------+
         Total |   1068 |    986 |     82 |      0 |    796 |   2 |  534.0 |
       Dungeon |   1068 |    986 |     82 |      0 |    796 |   2 |  534.0 |
               +--------+--------+--------+--------+--------+-----+--------+

Top non-repeatable levels by time:
     D:1: 737 daAuts
     D:2: 330 daAuts
